 Dungeon Crawl Stone Soup version 0.26-a0-6-g448add79b7 (webtiles) character file.

Game seed: 3937823747267264224, levelgen mode: deterministic

73994 DerDa the Frost Mage (level 15, -8/112 HPs)
             Began as a Merfolk Ice Elementalist on May 24, 2020.
             Was a High Priest of Sif Muna.
             Mangled by a white ugly thing (35 damage)
             ... on level 12 of the Dungeon.
             The game lasted 01:50:41 (24796 turns).

DerDa the Frost Mage (Merfolk Ice Elementalist)    Turns: 24796, Time: 01:50:42

Health: -8/112     AC: 15    Str:  9    XL:     15   Next: 45%
Magic:  39/39      EV: 19    Int: 28    God:    Sif Muna [*****.]
Gold:   470        SH:  0    Dex: 14    Spells: 13/37 levels left

rFire    . . .     SeeInvis .   u - +4 scythe (protect)
rCold    . . .     Gourm    .   (shield currently unavailable)
rNeg     . . .     Faith    .   L - +3 troll leather armour {Snorg}
rPois    .         Spirit   .   w - +0 helmet
rElec    .         Reflect  .   l - +0 cloak
rCorr    .         Harm     .   X - +1 pair of gloves
MR       +....                  I - +3 pair of boots of Weightlessness {Int+7}
Stlth    ++........             C - amulet of magic regeneration
HPRegen  0.68/turn              r - ring of magical power
MPRegen  0.51/turn              V - ring of wizardry

@: no status effects
A: change form in water, swift swim, stealthy swim
a: Channel Magic, Forget Spell, Divine Exegesis, Renounce Religion


You were on level 12 of the Dungeon.
You worshipped Sif Muna.
Sif Muna was extremely pleased with you.
You were not hungry.

You visited 4 branches of the dungeon, and saw 21 of its levels.
You also visited: Ice Cave.

You collected 2434 gold pieces.
You spent 1964 gold pieces at shops.

Inventory:

Hand Weapons
 u - a +4 scythe of protection (weapon)
Armour
 l - a +0 cloak (worn)
 q - a +2 leather armour of poison resistance
 w - a +0 helmet (worn)
 I - the +3 pair of boots of Weightlessness (worn) {Int+7}
   (You bought it in a shop on level 5 of the Dungeon)

   It affects your intelligence (+7).
 L - a +3 troll leather armour (worn) {Snorg}
 X - a +1 pair of gloves (worn)
Jewellery
 b - an uncursed ring of flight
 m - an uncursed ring of see invisible
 r - a ring of magical power (left hand)
 z - an uncursed ring of protection from cold
 A - an uncursed ring of resist corrosion
 C - an amulet of magic regeneration (around neck)
 H - an uncursed ring of protection from fire
 T - an uncursed amulet of regeneration
 U - a +4 ring of protection
 V - a ring of wizardry (right hand)
 Y - an uncursed ring of ice
Wands
 s - a wand of polymorph (25)
 E - a wand of iceblast (12)
 J - a wand of flame (17)
 K - a wand of clouds (4)
 N - a wand of disintegration (25)
 Z - a wand of enslavement (6)
Scrolls
 e - 10 scrolls of teleportation
 g - a scroll of holy word
 j - 2 scrolls of enchant armour
 x - 8 scrolls of remove curse
 y - 4 scrolls of enchant weapon
 D - a scroll of brand weapon
 F - 3 scrolls of fog
 G - 5 scrolls of magic mapping
 Q - a scroll of summoning
 R - a scroll of blinking
 S - 2 scrolls of fear
 W - 4 scrolls of immolation
Potions
 a - 3 potions of invisibility
 d - 3 potions of brilliance
 f - 3 potions of heal wounds
 h - 3 potions of mutation
 i - 4 potions of might
 n - a potion of resistance
 o - a potion of magic
 t - 3 potions of haste
 B - 9 potions of curing
 M - 2 potions of ambrosia
 O - a potion of cancellation {unknown}
 P - a potion of berserk rage {unknown}
Miscellaneous
 v - a lightning rod (4/4)
Comestibles
 c - 36 rations
 k - 5 chunks of flesh


   Skills:
 + Level 8.9 Fighting
 + Level 11.2 Polearms
 + Level 11.7 Dodging
 - Level 2.1 Stealth
 * Level 11.5 Spellcasting
 * Level 9.6 Conjurations
 * Level 13.8 Ice Magic
 + Level 5.1 Air Magic
 + Level 8.9 Invocations


You had 13 spell levels left.
You knew the following spells:

 Your Spells              Type           Power        Failure   Level  Hunger
a - Freeze                Ice            ####         0%          1    None
b - Frozen Ramparts       Ice            ######       1%          3    None
c - Ozocubu's Armour      Chrm/Ice       ######..     1%          3    None
d - Hailstorm             Conj/Ice       ######..     1%          4    None
e - Summon Ice Beast      Ice/Summ       ######..     1%          4    None
f - Mephitic Cloud        Conj/Pois/Air  #####...     1%          3    None
g - Ozocubu's Refrigerat  Ice            #######...   1%          6    #####..

Your spell library contained the following spells:

 Spells                   Type           Power        Failure   Level  Hunger
 Beastly Appendage        Tmut           ###...       1%          1    None
 Shock                    Conj/Air       ####         1%          1    None
 Sting                    Tmut/Pois      ###.         1%          1    None
 Summon Small Mammal      Summ           ###.         1%          1    None
 Ensorcelled Hibernation  Hex/Ice        ######       1%          2    None
 Poisonous Vapours        Pois/Air       ####..       1%          2    None
 Swiftness                Chrm/Air       ####....     1%          2    None
 Static Discharge         Conj/Air       ######..     1%          3    None
 Ice Form                 Ice/Tmut       ######..     1%          4    None
 Airstrike                Air            #####.....   2%          4    None
 Iskenderun's Mystic Bla  Conj/Tloc      #####...     2%          4    None
 Blink                    Tloc           N/A          3%          2    None
 Call Imp                 Summ           ###.....     3%          2    None
 Shroud of Golubria       Chrm/Tloc      ###...       3%          2    None
 Sticks to Snakes         Tmut           ###.....     3%          2    None
 Metabolic Englaciation   Hex/Ice        ######....   3%          5    ###....
 Call Canine Familiar     Summ           ###.....     6%          3    None
 Ignite Poison            Fire/Tmut/Pois ###.....     6%          3    None
 Lesser Beckoning         Tloc           ###.......   6%          3    None
 Portal Projectile        Hex/Tloc       ###...       6%          3    None
 Recall                   Summ/Tloc      N/A          6%          3    None
 Spider Form              Tmut/Pois      ###.......   6%          3    None
 Teleport Other           Tloc           ###.....     6%          3    None
 Iskenderun's Battlesphe  Conj/Chrm      #####...     8%          5    ###....
 Bolt of Magma            Conj/Fire/Erth ####......   14%         5    ###....
 Simulacrum               Ice/Necr       ######....   17%         6    #####..
 Animate Dead             Necr           N/A          19%         4    None
 Olgreb's Toxic Radiance  Pois           ###.....     19%         4    None
 Silence                  Hex/Air        ####......   19%         5    ###....
 Orb of Destruction       Conj           ######....   30%         7    ######.
 Iron Shot                Conj/Erth      #####.....   38%         6    #####..
 Aura of Abjuration       Summ           ###.......   45%         5    ###....
 Blade Hands              Tmut           ###.......   45%         5    ###....
 Borgnjor's Vile Clutch   Necr/Erth      ###.......   45%         5    ###....
 Summon Mana Viper        Hex/Summ       ###.....     45%         5    ###....
 Spellforged Servitor     Conj/Summ      #####.....   89%         7    ######.
 Darkness                 Hex            ###.......   95%         6    #####..
 Death Channel            Necr           ###.......   95%         6    #####..
 Invisibility             Hex            ###.....     95%         6    #####..
 Shadow Creatures         Summ           N/A          95%         6    #####..
 Chain Lightning          Conj/Air       ######....   99%         8    #######
 Malign Gateway           Summ/Tloc      ###.......   100%        7    ######.
 Summon Hydra             Summ           ###.......   100%        7    ######.
 Disjunction              Tloc           ###.......   100%        8    #######


Dungeon Overview and Level Annotations

Branches:
Dungeon (12/15)            Temple (1/1) D:4            Lair (6/6) D:10
 Shoals (0/4) Lair:3        Snake (0/4) Lair:3        Slime (0/5) Lair:5
    Orc (2/2) D:10            Elf (0/3) Orc:2         IceCv (visited)

Altars:
Ashenzari
Cheibriados
Dithmenos
Elyvilon
Fedhas
Gozag
Hepliaklqana
Kikubaaqudgha
Makhleb
Nemelex Xobeh
Okawaru
Qazlal
Ru
Sif Muna
Trog
Uskayaw
Vehumet
Wu Jian
Xom
Yredelemnul
Zin
The Shining One
Jiyva

Shops:
D:5 =?[!   D:8 *   D:10 ([!?   Orc:2 [*(:


Message History

The white ugly thing resists.
The wall freezes the white ugly thing.
A troll comes into view.
The white ugly thing resists.
The wall freezes the white ugly thing.
The troll shouts!
The white ugly thing resists.
The wall freezes the white ugly thing.
The troll bites you but does no damage. The troll claws you.
* * * LOW HITPOINT WARNING * * *
The troll claws you.
* * * LOW HITPOINT WARNING * * *
The white ugly thing resists.
The wall freezes the white ugly thing.
The wall freezes the troll.
The white ugly thing resists.
The wall freezes the white ugly thing.
The white ugly thing resists.
The wall freezes the white ugly thing.
The white ugly thing resists.
The wall freezes the white ugly thing.
The frozen ramparts melt away.
There is an open door here.
The white ugly thing engulfs you.
* * * LOW HITPOINT WARNING * * *
The white ugly thing freezes you!!
You die...

#....)......# #.#
#...........## #.#
#............###.###
........^..........
........##.#.###.####
........##>.........#
......######......#.#
......####....#####'####
###.............@uT....#
#######.....####.....#
#..........####.....#
#..........##.......#
#..........##.......#
#############.......#######
#.....^.......#
#......######.# #......#
#.#


You could see a white ugly thing and a troll.

Vanquished Creatures
  Gastronok (Lair:1)
  2 orc warlords (Orc:2)
  Snorg (D:10)
  Harold (Lair:1)
  3 hydras
  A two-headed ogre (D:11)
  5 death yaks
  Urug (Orc:1)
  3 orc high priests (Orc:2)
  An unseen horror (D:11)
  5 orc knights
  6 orc sorcerers
  3 cyclopes
  5 black mambas
  2 centaur zombies (D:12)
  3 ice statues (IceCv)
  A gargoyle (D:11)
  26 spiny frogs
  6 komodo dragons
  3 rime drakes
  8 ice devils
  A troll (Orc:1)
  A hornet (D:8)
  36 blink frogs
  3 tyrant leeches (Lair:6)
  3 dream sheep (Lair:6)
  10 hippogriffs
  A shadow (D:12)
  Sigmund (D:3)
  A basilisk (Lair:3)
  6 wraiths
  5 wyverns
  36 yaks
  6 vampire mosquitoes (Lair:6)
  A hungry ghost (D:11)
  A steam dragon (D:11)
  The ghost of lis82 the Gusty, an amateur DgAE (D:6)
  5 wargs
  10 water moccasins
  8 porcupines
  A swamp drake (D:10)
  2 sky beasts (D:9)
  37 orc warriors
  2 ice beasts
  13 ogres
  A necrophage (D:9)
  A phantom (D:9)
  16 crocodiles
  10 centaurs
  3 big kobolds
  29 bullfrogs
  A water moccasin skeleton (D:8)
  A wyvern skeleton (D:12)
  A scorpion (D:7)
  11 killer bees
  2 wights (D:7)
  2 electric eels
  5 howler monkeys
  7 crimson imps
  A bullfrog zombie (D:5)
  A lava snake (Lair:4)
  4 gnoll shamans
  3 centaur skeletons
  3 draconian simulacra (IceCv)
  4 hounds
  7 human zombies (D:7)
  29 orc priests
  9 iguanas
  25 orc wizards
  2 bullfrog skeletons
  Natasha (twice) (D:2)
  6 worker ants
  3 hell rats (D:10)
  A troll simulacrum (IceCv)
  A hound zombie (D:8)
  3 hound skeletons
  A mummy (D:7)
  A worker ant zombie (D:6)
  A naga simulacrum (IceCv)
  16 adders
  15 gnolls
  3 ogre simulacra (IceCv)
  A river rat (D:10)
  4 shadow imps
  An ooze (D:2)
  3 adder zombies
  2 worms
  7 dart slugs
  13 leopard geckos
  114 orcs
  3 ball pythons
  2 giant cockroaches
  13 hobgoblins
  15 kobolds
  7 quokkas
  6 bats
  8 frilled lizards
  8 goblins
  A jackal zombie (D:8)
  A leopard gecko skeleton (D:7)
  A leopard gecko zombie (D:8)
  A quokka zombie (D:7)
  11 rats
  2 butterflies (Lair:5)
  7 fungi (Lair:6)
  28 plants
768 creatures vanquished.

Vanquished Creatures (collateral kills)
  Josephine (D:10)
  2 hydras
  2 death yaks (D:10)
  A necromancer (IceCv)
  A guardian serpent (Lair:3)
  A black mamba (Lair:3)
  2 spiny frogs
  An ice statue (IceCv)
  A torpor snail (Lair:6)
  3 ice devils (IceCv)
  2 tyrant leeches (Lair:6)
  A polar bear (Lair:6)
  A wraith (D:10)
  A yak (Lair:3)
  An ogre (D:10)
  2 troll simulacra (IceCv)
  A worker ant (D:11)
  A river rat (D:10)
  A quokka (D:10)
  A rat (D:10)
  A plant (Lair:6)
28 creatures vanquished.

Vanquished Creatures (others)
  A centaur (D:10)
  22 fungi
  45 plants
68 creatures vanquished.

Grand Total: 864 creatures vanquished

Notes
Turn   | Place    | Note
-------+----------+-------------------------------------------
     0 | D:1      | DerDa the Merfolk Ice Elementalist began the quest for the
                  | Orb.
     0 | D:1      | Reached XP level 1. HP: 13/13 MP: 3/3
   202 | D:1      | Reached XP level 2. HP: 14/19 MP: 3/5
   734 | D:1      | Reached XP level 3. HP: 23/24 MP: 3/6
  1395 | D:2      | Reached skill level 5 in Ice Magic
  1590 | D:2      | Noticed Natasha
  1596 | D:2      | Learned a level 3 spell: Frozen Ramparts
  1600 | D:2      | Learned a level 3 spell: Ozocubu's Armour
  1609 | D:2      | Killed Natasha
  1609 | D:2      | Reached XP level 4. HP: 30/30 MP: 4/8
  1959 | D:2      | Reached XP level 5. HP: 35/35 MP: 4/9
  2005 | D:2      | Noticed Natasha
  2013 | D:2      | Killed Natasha
  3016 | D:3      | Reached skill level 6 in Ice Magic
  3186 | D:3      | Reached XP level 6. HP: 41/41 MP: 9/11
  3478 | D:3      | Noticed Sigmund
  3496 | D:3      | Killed Sigmund
  3496 | D:3      | Reached skill level 5 in Dodging
  3496 | D:3      | Reached XP level 7. HP: 28/46 MP: 4/13
  3560 | D:3      | Learned a level 4 spell: Hailstorm
  3565 | D:3      | Learned a level 4 spell: Summon Ice Beast
  4013 | D:4      | Found a staircase to the Ecumenical Temple.
  4032 | Temple   | Entered the Ecumenical Temple
  4192 | Temple   | Became a worshipper of Sif Muna the Loreminder
  4272 | D:4      | Reached skill level 7 in Ice Magic
  4315 | D:4      | Reached skill level 1 in Polearms
  4504 | D:4      | Reached skill level 1 in Conjurations
  4941 | D:5      | Entered Level 5 of the Dungeon
  4969 | D:5      | Reached skill level 1 in Fighting
  5004 | D:5      | Found Ziunet's Antique Armour Shop.
  5016 | D:5      | Reached skill level 5 in Spellcasting
  5029 | D:5      | Reached XP level 8. HP: 53/54 MP: 15/15
  5176 | D:5      | Reached skill level 1 in Invocations
  5271 | D:5      | Found Fiosaykee's Jewellery Shop.
  5311 | D:5      | Found Doru's Magic Scroll Shoppe.
  5314 | D:5      | Bought a scroll of identify for 26 gold pieces
  5314 | D:5      | Bought a scroll of random uselessness for 13 gold pieces
  5314 | D:5      | Bought a scroll of noise for 13 gold pieces
  5314 | D:5      | Bought a scroll of fog for 26 gold pieces
  5314 | D:5      | Bought a scroll of magic mapping for 45 gold pieces
  5314 | D:5      | Bought a scroll of identify for 26 gold pieces
  5314 | D:5      | Bought a scroll of teleportation for 39 gold pieces
  5574 | D:5      | Found Ryen's Distillery.
  5583 | D:5      | Bought a potion of degeneration for 13 gold pieces
  5642 | D:5      | Reached * piety under Sif Muna
  6281 | D:6      | Found a runed translucent door.
  6281 | D:6      | Noticed lis82's ghost (amateur DgAE)
  6566 | D:6      | You fall into a shaft and drop 3 floors!
  6775 | D:8      | Reached XP level 9. HP: 62/62 MP: 17/17
  6815 | D:8      | Reached ** piety under Sif Muna
  6881 | D:7      | Reached skill level 8 in Ice Magic
  7931 | D:7      | Reached *** piety under Sif Muna
  8407 | D:7      | Found a basalt altar of Yredelemnul.
  8446 | D:7      | Reached skill level 5 in Polearms
  8446 | D:7      | Reached XP level 10. HP: 23/71 MP: 20/20
  8583 | D:7      | Reached skill level 9 in Ice Magic
  9265 | D:8      | Found Nikamu's General Store.
  9960 | D:5      | Bought a pair of smoking boots for 237 gold pieces
  9965 | D:5      | Identified the +3 pair of boots of Weightlessness {Int+7}
                  | (You bought it in a shop on level 5 of the Dungeon)
 10069 | D:6      | Killed lis82's ghost
 10437 | D:9      | Noticed a cyclops
 10852 | D:9      | Found a hazy altar of Hepliaklqana.
 11025 | D:9      | Killed a cyclops
 11025 | D:9      | Reached **** piety under Sif Muna
 11191 | D:10     | Entered Level 10 of the Dungeon
 11206 | D:10     | Reached skill level 5 in Conjurations
 11440 | D:10     | Found Fitsus's Antique Armour Shop.
 11445 | D:10     | Found Wiset's Antique Weapon Shop.
 11446 | D:10     | Found Xonkor's Magic Scroll Shop.
 11446 | D:10     | Found Mano's Distillery.
 11462 | D:10     | Bought a potion of curing for 30 gold pieces
 11462 | D:10     | Bought a potion of heal wounds for 50 gold pieces
 11472 | D:10     | Bought a scroll of identify for 22 gold pieces
 11472 | D:10     | Bought a scroll of identify for 22 gold pieces
 11472 | D:10     | Bought a scroll of identify for 22 gold pieces
 11489 | D:10     | Noticed a death yak
 11508 | D:10     | Killed a death yak
 11533 | D:10     | Noticed a death yak
 11538 | D:10     | Noticed a death yak
 11552 | D:10     | Killed a death yak
 11552 | D:10     | Reached skill level 10 in Ice Magic
 11552 | D:10     | Reached XP level 11. HP: 74/78 MP: 8/22
 11553 | D:10     | Reached skill level 5 in Fighting
 11553 | D:10     | Killed a death yak
 11553 | D:10     | Reached skill level 5 in Invocations
 11692 | D:10     | Noticed Josephine
 11709 | D:10     | Killed Josephine
 11913 | D:10     | Found a staircase to the Orcish Mines.
 12591 | D:10     | Found a staircase to the Lair.
 12749 | D:10     | Noticed Snorg
 13211 | D:10     | Killed Snorg
 13376 | D:11     | Noticed an eight-headed hydra
 13383 | D:11     | Killed an eight-headed hydra
 13539 | D:11     | Learned a level 3 spell: Mephitic Cloud
 13553 | D:11     | Killed an unseen horror
 13622 | D:11     | Noticed a cyclops
 13714 | D:11     | Killed a cyclops
 13714 | D:11     | Reached skill level 1 in Air Magic
 13906 | D:11     | Reached XP level 12. HP: 81/87 MP: 24/24
 13936 | D:11     | Got an iridescent falchion
 13986 | D:11     | Noticed a two-headed ogre
 14002 | D:11     | Killed a two-headed ogre
 14002 | D:11     | Reached skill level 11 in Ice Magic
 14612 | D:11     | Identified the cursed +0 falchion of False Hope {drain,
                  | Str+3} (You found it on level 11 of the Dungeon)
 14658 | Lair:1   | Entered Level 1 of the Lair of Beasts
 14708 | Lair:1   | Noticed Gastronok
 14730 | Lair:1   | Killed Gastronok
 14889 | Lair:1   | Reached ***** piety under Sif Muna
 14891 | Lair:1   | Identified Zughupp's Grimoire of the Feathery Frostbite
                  | (Sif Muna gifted it to you on level 1 of the Lair of
                  | Beasts)
 14891 | Lair:1   | Received a gift from Sif Muna
 14906 | Lair:1   | Learned a level 6 spell: Ozocubu's Refrigeration
 14957 | Lair:1   | Noticed a five-headed hydra
 14964 | Lair:1   | Killed a five-headed hydra
 15073 | Lair:1   | Noticed Harold
 15081 | Lair:1   | Killed Harold
 16257 | Lair:3   | Reached XP level 13. HP: 75/95 MP: 19/26
 16362 | Lair:3   | Found a staircase to the Snake Pit.
 16433 | Lair:3   | Found a staircase to the Shoals.
 16526 | Lair:3   | Reached skill level 10 in Dodging
 16532 | Lair:3   | Reached skill level 12 in Ice Magic
 18169 | Lair:5   | Reached skill level 10 in Spellcasting
 18228 | Lair:5   | Found a staircase to the Slime Pits.
 18229 | Lair:5   | Found a viscous altar of Jiyva.
 18436 | Lair:5   | Identified Sif Muna's Grimoire of Flight and Calling (Sif
                  | Muna gifted it to you on level 5 of the Lair of Beasts)
 18436 | Lair:5   | Received a gift from Sif Muna
 19161 | Lair:6   | Entered Level 6 of the Lair of Beasts
 19242 | Lair:6   | Found a frozen archway.
 19279 | IceCv    | Entered an ice cave
 19641 | IceCv    | Reached XP level 14. HP: 59/103 MP: 28/28
 19817 | IceCv    | Reached skill level 10 in Polearms
 20478 | IceCv    | Identified Sif Muna's Handbook of Dislocation (Sif Muna
                  | gifted it to you in an ice cave)
 20478 | IceCv    | Received a gift from Sif Muna
 20493 | IceCv    | Got a crude triple sword
 20535 | IceCv    | Identified the cursed +1 triple sword "Vodwazoa" {vorpal,
                  | +Blink rPois Dex-2} (You found it in an ice cave)
 20872 | Lair:6   | Reached skill level 13 in Ice Magic
 21689 | Lair:6   | Received a gift from Sif Muna
 22421 | Orc:1    | Entered Level 1 of the Orcish Mines
 22421 | Orc:1    | Noticed Urug
 22424 | Orc:1    | Killed Urug
 22465 | Orc:1    | Paralysed by an orc sorcerer for 7 turns
 22875 | Orc:2    | Entered Level 2 of the Orcish Mines
 22923 | Orc:2    | Found a staircase to the Elven Halls.
 23153 | Orc:2    | Reached XP level 15. HP: 112/112 MP: 26/30
 23160 | Orc:2    | Noticed an orc warlord
 23167 | Orc:2    | Killed an orc warlord
 23295 | Orc:2    | Identified Toepuegeur's Incunabulum of Fascination and
                  | Displacement (Sif Muna gifted it to you on level 2 of the
                  | Orcish Mines)
 23295 | Orc:2    | Received a gift from Sif Muna
 23299 | Orc:2    | Noticed an orc warlord
 23305 | Orc:2    | Killed an orc warlord
 23309 | Orc:2    | Reached skill level 5 in Air Magic
 23441 | Orc:2    | Found Qelawk's Antique Armour Boutique.
 23622 | Orc:2    | Found Eqiwisi's General Store.
 23622 | Orc:2    | Found Nucuoxij's Book Shop.
 23624 | Orc:2    | Found Fighicsu's Antique Weapon Boutique.
 23628 | Orc:2    | Bought an embroidered robe for 114 gold pieces
 24064 | D:5      | Bought a scroll of identify for 26 gold pieces
 24064 | D:5      | Bought a scroll of teleportation for 39 gold pieces
 24151 | D:5      | Bought a potion of curing for 39 gold pieces
 24151 | D:5      | Bought a potion of heal wounds for 65 gold pieces
 24151 | D:5      | Bought a potion of haste for 130 gold pieces
 24151 | D:5      | Bought a potion of curing for 39 gold pieces
 24151 | D:5      | Bought a potion of heal wounds for 65 gold pieces
 24151 | D:5      | Bought a potion of curing for 39 gold pieces
 24231 | D:5      | Bought an uncursed ring of see invisible for 150 gold
                  | pieces
 24231 | D:5      | Bought an uncursed ring of wizardry for 300 gold pieces
 24276 | D:5      | Bought a pair of runed gloves for 187 gold pieces
 24276 | D:5      | Bought a pair of glowing boots for 187 gold pieces
 24434 | D:12     | Identified Kuhan's Grimoire of the Escort (Sif Muna gifted
                  | it to you on level 12 of the Dungeon)
 24434 | D:12     | Received a gift from Sif Muna
 24796 | D:12     | Mangled by a white ugly thing

Illustrated notes

Levels and vault maps discovered:
D:1:      mushboom_english_gardens, layout_loops_ring
D:2:      layout_basic, uniq_natasha
D:3:      layout_basic, uniq_sigmund
D:4:      layout_gridville, minmay_temple_entry_large_hall
D:5:      layout_gridville, serial_shops, shop, kennysheep_mini_moat,
          nicolae_shop_stone, nicolae_shop_temple_entry_statues_fountains,
          first_ration
D:6:      layout_cave_pods, ebering_ghost_reflecting_pool
D:7:      layout_layer_cave, lemuel_mausoleum_altar_yredelemnul
D:8:      layout_gridville, serial_shops, shop
D:9:      layout_gridville, marbit_many_paths
D:10:     layout_rooms, dpeg_lair_monsters, erik_orc_1, blue_anna_alchemist
          [blue_anna_fruit_fields, blue_anna_fruit_fields],
          minmay_shop_grid_forest, uniq_josephine, uniq_snorg
D:11:     layout_irregular_city
D:12:     layout_basic
Temple:   kilobyte_greek_temple
Lair:1:   layout_misc_corridors, uniq_harold, uniq_gastronok
Lair:2:   layout_chaotic_city
Lair:3:   layout_regular_city, elwin_shoals_entry_rocks,
          minmay_snake_entry_spellcaster, beast_lair_carwin_8
Lair:4:   layout_gridlike
Lair:5:   lemuel_reptile_caves, layout_gridlike, slime_altar_1,
          lemuel_fruit_fields
Lair:6:   minmay_lair_end_frog_pond, layout_regular_city,
          portal_ice_cave_demonic_guard, st_stairs_7
Orc:1:    layout_caves, uniq_urug
Orc:2:    st_orc_congregation, layout_caves

Skill      XL: |  1  2  3  4  5  6  7  8  9 10 11 12 13 14 15 |
---------------+----------------------------------------------+-----
Dodging        | 3 4 5 6 7 8 9 10 11 | 11.7
Ice Magic      | 5 6 7 8 10 11 12 13 | 13.8
Spellcasting   | 3 4 5 6 7 8 9 10 11 | 11.5
Polearms       | 1 3 5 6 7 8 9 10 11 | 11.2
Conjurations   | 1 2 4 5 6 7 8 9 |  9.6
Fighting       | 1 2 3 4 5 6 7 8 |  8.9
Invocations    | 2 3 4 5 6 7 8 |  8.9
Air Magic      | 1 2 3 4 5 |  5.1
Stealth        | |  2.1

Action                   |  1- 3 |  4- 6 |  7- 9 | 10-12 | 13-15 || total
-------------------------+-------+-------+-------+-------+-------++-------
Melee: Club              |    20 |     9 |     1 |       |       ||    30
       Scythe            |       |       |   152 |   263 |   517 ||   932
Throw: Dart              |     3 |     9 |    42 |    14 |     1 ||    69
 Cast: Freeze            |    54 |    56 |    95 |   122 |   155 ||   482
       Frozen Ramparts   |     1 |     7 |    22 |    48 |    22 ||   100
       Ozocubu's Armour  |       |       |     2 |    12 |    13 ||    27
       Summon Ice Beast  |       |       |       |    42 |    61 ||   103
       Hailstorm         |       |       |       |    42 |    56 ||    98
       Mephitic Cloud    |       |       |       |     2 |       ||     2
       Ozocubu's Refrige |       |       |       |       |   102 ||   102
Invok: Channel Magic     |       |       |       |     1 |     2 ||     3
Evoke: Wand              |       |       |       |       |     5 ||     5
  Use: Scroll            |       |       |     9 |    16 |     8 ||    33
       Potion            |       |       |       |     2 |       ||     2
 Stab: Sleeping          |       |       |     4 |     5 |     5 ||    14
       Distracted        |       |       |     1 |       |     7 ||     8
       Confused          |       |       |       |     1 |       ||     1
  Eat: Chunk             |     3 |     6 |    16 |    23 |    50 ||    98
       Ration            |       |       |       |     2 |     2 ||     4
Armor: Robe              |    10 |     7 |       |       |       ||    17
       Leather armour    |       |       |    79 |    94 |       ||   173
       Troll leather arm |       |       |       |    50 |   273 ||   323
Dodge: Dodged            |    44 |    37 |   228 |   388 |   671 ||  1368

Table legend:
 A = Non-vault XP
 B = Vault XP
 C = Vault XP percentage of total XP
 D = Non-vault monster count
 E = Vault monster count
 F = Vault count percentage of total count
                 A         B        C        D         E       F
            +---------+---------+-------+---------+---------+-------
      Total |   62995 |   42712 |  40.4 |     527 |     232 |  30.6
            +---------+---------+-------+---------+---------+-------
        D:1 |      47 |       0 |   0.0 |      26 |       0 |   0.0
        D:2 |     141 |      35 |  19.9 |      22 |       1 |   4.3
        D:3 |     330 |     205 |  38.3 |      33 |       1 |   2.9
        D:4 |     299 |       0 |   0.0 |      23 |       0 |   0.0
        D:5 |     305 |       0 |   0.0 |      12 |       0 |   0.0
        D:6 |     521 |     176 |  25.3 |      26 |       1 |   3.7
        D:7 |    1761 |     851 |  32.6 |      33 |      12 |  26.7
        D:8 |    1054 |       0 |   0.0 |      28 |       0 |   0.0
        D:9 |    2238 |     189 |   7.8 |      23 |       2 |   8.0
       D:10 |    1090 |    5320 |  83.0 |      16 |      34 |  68.0
       D:11 |    5874 |       0 |   0.0 |      31 |       0 |   0.0
       D:12 |    4500 |       0 |   0.0 |      30 |       0 |   0.0
     Lair:1 |    2404 |    2617 |  52.1 |      10 |       2 |  16.7
     Lair:2 |    4271 |       0 |   0.0 |      16 |       0 |   0.0
     Lair:3 |    7332 |    2103 |  22.3 |      31 |      10 |  24.4
     Lair:4 |    2222 |       0 |   0.0 |      10 |       0 |   0.0
     Lair:5 |    6909 |    1544 |  18.3 |      19 |      26 |  57.8
     Lair:6 |   13769 |   12344 |  47.3 |      48 |      49 |  50.5
      Orc:1 |    3111 |     855 |  21.6 |      42 |       1 |   2.3
      Orc:2 |    4817 |   11399 |  70.3 |      48 |      69 |  59.0
      IceCv |       0 |    5074 | 100.0 |       0 |      24 | 100.0
            +---------+---------+-------+---------+---------+-------
